 Dungeon Crawl Stone Soup version 0.26-a0-958-gf3041fb45f (webtiles) character file.

Game seed: 9604468638309818630

780 lunkers the Scholar of Death (level 7, -4/60 HPs)
             Began as a Deep Dwarf Necromancer on Nov 25, 2020.
             Was a Follower of Kikubaaqudgha.
             Slain by a gnoll
             ... wielding a +0 spear
              (7 damage)
             ... on level 5 of the Dungeon on Nov 30, 2020.
             The game lasted 00:13:40 (7021 turns).

lunkers the Scholar of Death (DDNe)                 Turns: 7021, Time: 00:13:41

Health: -4/60      AC:  4    Str: 12      XL:     7   Next: 55%
Magic:  9/9        EV:  2    Int: 17      God:    Kikubaaqudgha [*.....]
Gold:   184        SH:  0    Dex:  0 (13) Spells: 1/9 levels left

rFire    . . .     SeeInvis .   f - +0 mace (venom)
rCold    . . .     Faith    .   x - +0 buckler
rNeg     . . .     Spirit   .   a - +0 robe
rPois    +         Reflect  .   p - +1 helmet
rElec    .         Harm     .   (no cloak)
rCorr    .         Rampage  .   (no gloves)
MR       +....                  (no boots)
Stlth    ..........             (no amulet)
HPRegen  0.00/turn              n - ring of poison resistance
MPRegen  0.11/turn              (no ring)

@: non-regenerating, slowed, lost dexterity, very slow
A: damage resistance, heal wounds, sense surroundings 1, no regeneration
a: Heal Wounds, Receive Corpses, Renounce Religion


You were on level 5 of the Dungeon.
You worshipped Kikubaaqudgha.
Kikubaaqudgha was aware of your devotion.
You visited 1 branch of the dungeon, and saw 5 of its levels.

You collected 184 gold pieces.

Inventory:

Hand Weapons
 d - a +0 falchion
 f - a +0 mace of venom (weapon)
Armour
 a - a +0 robe (worn)
 e - a +0 helmet
 p - a +1 helmet (worn)
 x - a +0 buckler (worn)
Jewellery
 n - a ring of poison resistance (left hand)
Scrolls
 c - a scroll of teleportation
 g - 3 scrolls of magic mapping {unknown}
 i - 2 scrolls of noise {unknown}
 o - 3 scrolls of enchant weapon {unknown}
 q - a scroll of random uselessness {unknown}
 s - 2 scrolls of enchant armour {unknown}
 t - a scroll of fear {unknown}
 v - a scroll of immolation {unknown}
 w - a scroll of amnesia {unknown}
Potions
 b - a potion of flight
 h - a potion of resistance
 j - a potion of haste
 k - 3 potions of magic
 r - 3 potions of brilliance
 u - a potion of invisibility


   Skills:
 + Level 2.1 Fighting
 - Level 2.1 Dodging
 - Level 2.4 Stealth
 + Level 2.6 Shields
 - Level 1.7 Spellcasting
 * Level 9.4 Necromancy


You had one spell level left.
You knew the following spells:

 Your Spells              Type           Power        Failure   Level
a - Vampiric Draining     Necr           ####......   1%          3
b - Pain                  Necr           ####         1%          1
c - Animate Dead          Necr           ####......   4%          4

Your spell library contained the following spells:

 Spells                   Type           Power        Failure   Level
 Animate Skeleton         Necr           ####..       1%          1
 Sublimation of Blood     Necr           ####......   1%          2
 Agony                    Necr           ####....     14%         5


Dungeon Overview and Level Annotations

Branches:
Dungeon (5/15)
 Temple: D:4-7

Altars:
Elyvilon
Gozag
Kikubaaqudgha
Makhleb

Annotations:
D:5 3 runed translucent doors, Monica's ghost, amateur DgHu


Innate Abilities, Weirdness & Mutations

You are resistant to damage.
You can heal yourself by infusing magical energy.
You passively map a small area around you.
You do not regenerate.


Message History

The shadow imp hits you.
* * * LOW HITPOINT WARNING * * *
You hit the shadow imp.
You kill the shadow imp!
Kikubaaqudgha accepts your kill.
You now have 184 gold pieces (gained 2).
Found a stone staircase leading up.
There is an open door here.
There is an open door here.
An orc comes into view. It is wielding a +0 spear.
The orc shouts!
The gnoll shouts!
You hear a shout!
An adder comes into view.
There are monsters nearby!
The orc hits you from afar with a +0 spear.
* * * LOW HITPOINT WARNING * * *
The orc hits you with a +0 spear.
* * * LOW HITPOINT WARNING * * *
The gnoll hits you from afar with a +0 spear!
You die...
Kikubaaqudgha rasps: "You have failed me!
Welcome... death!"

###....).# ##.## ##. , #.......##
#.# ## ###.## * #.......# #.# #
#.... ,, #.......# ##'## #.#.###
#. #.......# ##...## #.....# #.
#.......###.....## #.....# #.#
#.......##.......##
#.....###.####.......#.........##
..............g.@......#######.+.
#...............o..###.#Z#.#.#.##
#....#S..#...#...#.# #.#.Z...###
#...#...#...#...#..###.+.Z.$##
#..#...#...#...#...##..+...).#
#...#...#...#...#..##..+....##
#....#...#...#...#.#...#.....#
#..................#.#.#.#.#.#
#..#...#...#...#...#.############


You could see a gnoll and an orc.

Vanquished Creatures
  An ogre (D:5)
  A bullfrog (D:5)
  2 scorpions (D:5)
  A howler monkey (D:3)
  A jelly (D:5)
  A bullfrog zombie (D:5)
  A quasit (D:5)
  A hound (D:5)
  2 orc wizards
  Jessica (D:2)
  A worker ant (D:4)
  Robin (D:3)
  4 gnolls
  7 adders
  A shadow imp (D:5)
  2 white imps (D:5)
  An adder zombie (D:5)
  6 worms
  A dart slug (D:2)
  3 leopard geckos
  16 orcs
  A giant cockroach (D:3)
  13 goblins
  11 hobgoblins
  2 jackals (D:2)
  2 quokkas
  A ball python (D:3)
  9 bats
  7 frilled lizards
  7 kobolds
  4 rats
112 creatures vanquished.

Notes
Turn   | Place    | Note
-------+----------+-------------------------------------------
     0 | D:1      | lunkers the Deep Dwarf Necromancer began the quest for the
                  | Orb.
     0 | D:1      | Reached XP level 1. HP: 15/15 MP: 3/3
  1157 | D:2      | Reached XP level 2. HP: 10/22 MP: 1/4
  1204 | D:2      | Reached skill level 5 in Necromancy
  1472 | D:2      | HP: 1/22 [adder (2)]
  1650 | D:1      | Reached XP level 3. HP: 6/28 MP: 0/5
  1706 | D:1      | Learned a level 3 spell: Vampiric Draining
  2055 | D:2      | Upgraded the game from 0.26-a0-863-g3bff4b215c to
                  | 0.26-a0-958-gf3041fb45f
  2061 | D:2      | Reached skill level 6 in Necromancy
  2108 | D:2      | Reached XP level 4. HP: 24/36 MP: 2/6
  2301 | D:2      | Noticed Jessica
  2309 | D:2      | Killed Jessica
  2401 | D:2      | Found an ancient bone altar of Kikubaaqudgha.
  2419 | D:2      | Became a worshipper of Kikubaaqudgha
  2908 | D:2      | Reached skill level 7 in Necromancy
  2908 | D:2      | Reached XP level 5. HP: 21/42 MP: 3/7
  3199 | D:3      | Found a burning altar of Makhleb.
  3503 | D:3      | Noticed Robin
  3553 | D:3      | Reached * piety under Kikubaaqudgha
  3553 | D:3      | Identified Kikubaaqudgha's Grimoire of Dark Rituals
                  | (Kikubaaqudgha gifted it to you on level 3 of the Dungeon)
  3553 | D:3      | Received a gift from Kikubaaqudgha
  4139 | D:3      | Killed Robin
  4140 | D:3      | Reached skill level 8 in Necromancy
  4385 | D:4      | Reached XP level 6. HP: 32/49 MP: 0/8
  5744 | D:4      | Learned a level 4 spell: Animate Dead
  5770 | D:5      | Entered Level 5 of the Dungeon
  5774 | D:5      | Found an opulent altar of Gozag.
  5774 | D:5      | Found a white marble altar of Elyvilon.
  5901 | D:5      | Reached skill level 1 in Shields
  5997 | D:5      | Reached skill level 1 in Fighting
  5997 | D:5      | Reached XP level 7. HP: 29/57 MP: 0/9
  6423 | D:5      | Reached skill level 9 in Necromancy
  6722 | D:5      | Found a runed translucent gate.
  6723 | D:5      | Found a runed translucent gate.
  6726 | D:5      | Found a runed translucent gate.
  6727 | D:5      | Noticed Monica's ghost (amateur DgHu)
  6754 | D:5      | HP: 3/60 [white imp/puff of frost (4)]
  6755 | D:5      | HP: 1/60 [white imp (2)]
  6812 | D:5      | Lost dexterity.
  7021 | D:5      | HP: 3/60 [orc/+0 spear (4)]
  7021 | D:5      | Slain by a gnoll

Illustrated notes

Levels and vault maps discovered:
D:1:      saegor_arrival_simple_b, layout_basic
D:2:      layout_basic, lemuel_doored_altar, nicolae_overflow_hidden_temple,
          minmay_vboxes, uniq_jessica
D:3:      layout_loops_corners, lemuel_round_altar, uniq_robin
D:4:      layout_basic
D:5:      cheibrodos_fzero, layout_loops_corners,
          gammafunk_temple_overflow_statue, gammafunk_ghost_necromancy,
          cheibrodos_sewer_entry_bend

Skill      XL: |  1  2  3  4  5  6  7 |
---------------+----------------------+-----
Necromancy     | 5 6 7 8 9 |  9.4
Shields        | 1 2 |  2.6
Fighting       | 1 2 |  2.1
Dodging        | |  2.1
Stealth        | |  2.4
Spellcasting   | |  1.7

Action                   |  1- 3 |  4- 6 |  7- 9 || total
-------------------------+-------+-------+-------++-------
Melee: Unarmed           |     7 |       |       ||     7
       Falchion          |    14 |     2 |       ||    16
       Mace              |       |    72 |    59 ||   131
 Cast: Pain              |    57 |     4 |     3 ||    64
       Vampiric Draining |    10 |    57 |    17 ||    84
 Abil: Heal Wounds       |     1 |       |     1 ||     2
Evoke: Wand              |       |       |    17 ||    17
  Use: Scroll            |     1 |       |     9 ||    10
Armor: Robe              |    26 |    24 |    81 ||   131
Dodge: Dodged            |    83 |    78 |   104 ||   265
Block: Buckler           |       |     2 |    24 ||    26
       Rpst.: Falchion   |    12 |       |       ||    12

Table legend: (Time is in decaauts)
 A = Elapsed time spent in this place.
 B = Non-inter-level travel time spent in this place.
 C = Inter-level travel time spent in this place.
 D = Time resting spent in this place.
 E = Time spent auto-exploring this place.
 F = Levels seen in this place.
 G = Mean time per level.
                   A        B        C        D        E       F      G
               +--------+--------+--------+--------+--------+-----+--------+
         Total |   7192 |   7025 |    167 |    560 |   5051 |   5 | 1438.4 |
       Dungeon |   7192 |   7025 |    167 |    560 |   5051 |   5 | 1438.4 |
               +--------+--------+--------+--------+--------+-----+--------+

Top non-repeatable levels by time:
     D:1: 1530 daAuts
     D:3: 1464 daAuts
     D:4: 1455 daAuts
     D:2: 1415 daAuts
     D:5: 1327 daAuts
